[Event "Rapid Tournament (RAP)"]
[Site "Biel, Switzerland"]
[Date "2026.07.12"]
[Round "9.54"]
[White "Gaier, Walter"]
[Black "Gheorghiu, Gabriel-Ion"]
[Result "1/2-1/2"]
[TimeControl "15 + 5"]
[WhiteTitle "-"]
[BlackTitle "-"]
[WhiteFideId "1310186"]
[BlackFideId "1248820"]
[WhiteElo "1832"]
[BlackElo "1679"]

1. e4 d5 2. Nf3 dxe4 3.
Ng5 Nf6 4. Bc4 e6 5. Nc3 Be7 6. O-O O-O 7. Ngxe4 Nbd7 8. d4 c6 9. Bf4 Nb6 10. Bb3 Nbd5 11. Be5 b5 12. Qf3 a5 13.
a3 Bb7 14. Rad1 b4 15. axb4 axb4 16. Nxd5 cxd5 17. Nxf6+ Bxf6 18. Bxf6 Qxf6 19. Qxf6 gxf6 20. f4 f5 21. Ra1 Rfc8 22. Rfc1 Kf8 23. Kf2 Ke7 24. Ra4 Rxa4 25. Bxa4 Ba6 26.
Ke3 Kd6 27. Ra1 Rb8 28. Be8 Ke7 29. Bxf7 Kxf7 30. Rxa6 h5 31. g3 Kf6 32. Rc6 Rb7 33. Rc8 Rb6 34. Kf3 b3 35. c3 Rb5 36.
Rc6 Rb7 37. Kg2 Rb8 38. Kh3 Rb7 39.
Kh4 Rb8 40. Rc7 Kg6 41. Re7 Kf6 42.
Rh7 Kg6 43. Rc7 Kf6 44. Rh7 Kg6 45. Ra7 Kf6 46. Ra4 Rg8 47. Rb4 Rb8 1/2-1/2